3AAA
HAMILTON COYOTES @ ELLENBURG FIGHTING DACHSUNDS
06/06/2029
 
TOP OF THE 1ST
Hamilton Coyotes batting - Pitching for Ellenburg Fighting Dachsunds : RHP Danny Bystrom
Pitching: RHP Danny Bystrom
Batting: RHB Warren Martin 0-0: Called Strike
0-1: Ball
1-1: Called Strike
1-2: Ground out 4-3 (Groundball, 4)
Batting: RHB Raleigh Delaney 0-0: Ground out 4-3 (Groundball, 4)
Batting: RHB Juanito González 0-0: Ball
1-0: Called Strike
1-1: Ball
2-1: Ball
3-1: Called Strike
3-2: Ground out 5-3 (Groundball, 5L)
Top of the 1st over - 0 runs, 0 hits, 0 errors, 0 left on base; Hamilton 0 - Ellenburg 0
BOTTOM OF THE 1ST
Ellenburg Fighting Dachsunds batting - Pitching for Hamilton Coyotes : LHP Earl Brown
Pitching: LHP Earl Brown
Batting: RHB Steve Koch 0-0: DOUBLE (Flyball, 78D)
Batting: SHB Eugene Clutch 0-0: Swinging Strike
0-1: Ball
1-1: Foul Ball, location: 2F
1-2: Fly out, F9 (Flyball, 9S)
Batting: RHB Alan McLennan 0-0: Foul Ball, location: 2F
0-1: Ball
1-1: SINGLE (Flyball, 9LS)
Steve Koch to third
Runner from 3rd tries for Home, SAFE, no throw
Batting: LHB Tural Bishara 0-0: Ball
1-0: Ball
2-0: Ball
3-0: Called Strike
3-1: Base on Balls
Alan McLennan to second
Batting: RHB José Vázquez 0-0: Hit by Pitch
Alan McLennan to third
Tural Bishara to second
Batting: LHB Vicente Castaneda 0-0: Ball
1-0: Swinging Strike
1-1: Foul Ball, location: 2F
1-2: Ball
2-2: Ball
3-2: Base on Balls
Alan McLennan scores
Tural Bishara to third
José Vázquez to second
Batting: RHB Gonzalo Sánchez 0-0: Ball
1-0: Ball
2-0: Ball
3-0: Called Strike
3-1: Fly out, F8 (Flyball, 8RS)
Runner from 3rd tags up, SCORES, no throw
Batting: RHB Meka Knight 0-0: Fly out, F5 (Popup, 25)
Bottom of the 1st over - 3 runs, 2 hits, 0 errors, 2 left on base; Hamilton 0 - Ellenburg 3
TOP OF THE 2ND
Hamilton Coyotes batting - Pitching for Ellenburg Fighting Dachsunds : RHP Danny Bystrom
Batting: LHB Tommy Sullivan 0-0: Ball
1-0: Called Strike
1-1: Ball
2-1: Ground out 4-3 (Groundball, 4)
Batting: RHB Robert Hill 0-0: Called Strike
0-1: Foul Ball, location: 2F
0-2: Ball
1-2: Foul Ball, location: 2F
1-2: Strikes out swinging
Batting: SHB Martín Marrero 0-0: Ball
1-0: Swinging Strike
1-1: Foul Ball, location: 2F
1-2: Fly out, F8 (Flyball, 8LXD)
Top of the 2nd over - 0 runs, 0 hits, 0 errors, 0 left on base; Hamilton 0 - Ellenburg 3
BOTTOM OF THE 2ND
Ellenburg Fighting Dachsunds batting - Pitching for Hamilton Coyotes : LHP Earl Brown
Batting: RHB Ron Johnston 0-0: SINGLE (Line Drive, 34)
Batting: RHB Steve Koch 0-0: Called Strike
0-1: Reached on error, E4 (Line Drive, 4)
Ron Johnston to second
Batting: SHB Eugene Clutch 0-0: Called Strike
0-1: Fly out, F8 (Flyball, 8RM)
Batting: RHB Alan McLennan 0-0: Ball
1-0: Swinging Strike
1-1: Ball
2-1: Foul Ball, location: 2F
2-2: Fielders Choice at 2nd, 1-6 (Groundball, P)
Ron Johnston to third
Batting: LHB Tural Bishara 0-0: SINGLE (Flyball, 8LS)
Ron Johnston scores
Alan McLennan to second
Batting: RHB José Vázquez 0-0: Ball
1-0: Fly out, F3 (Popup, 3SF)
Bottom of the 2nd over - 1 run, 2 hits, 1 error, 2 left on base; Hamilton 0 - Ellenburg 4
TOP OF THE 3RD
Hamilton Coyotes batting - Pitching for Ellenburg Fighting Dachsunds : RHP Danny Bystrom
Batting: RHB Jesús Soto 0-0: Called Strike
0-1: Ball
1-1: Foul Ball, location: 2F
1-2: Ball
2-2: Strikes out swinging
Batting: RHB Rodrigo Pagán 0-0: Ball
1-0: Called Strike
1-1: Called Strike
1-2: Strikes out swinging
Batting: RHB Henry Mann 0-0: Ball
1-0: Foul Ball, location: 2F
1-1: Foul Ball, location: 2F
1-2: Ground out 4-3 (Groundball, 4)
Top of the 3rd over - 0 runs, 0 hits, 0 errors, 0 left on base; Hamilton 0 - Ellenburg 4
BOTTOM OF THE 3RD
Ellenburg Fighting Dachsunds batting - Pitching for Hamilton Coyotes : LHP Earl Brown
Batting: LHB Vicente Castaneda 0-0: Ball
1-0: Ball
2-0: Foul Ball, location: 2F
2-1: Ball
3-1: Foul Ball, location: 2F
3-2: Foul Ball, location: 2F
3-2: Hit by Pitch
Batting: RHB Gonzalo Sánchez 0-0: Fly out, F7 (Flyball, 8LS)
Batting: RHB Meka Knight 0-0: Ball
1-0: Fly out, F4 (Popup, 4M)
Batting: RHB Ron Johnston 0-0: Called Strike
0-1: Ground out 4-3 (Groundball, 34)
Bottom of the 3rd over - 0 runs, 0 hits, 0 errors, 1 left on base; Hamilton 0 - Ellenburg 4
TOP OF THE 4TH
Hamilton Coyotes batting - Pitching for Ellenburg Fighting Dachsunds : RHP Danny Bystrom
Batting: RHB Warren Martin 0-0: Foul Ball, location: 2F
0-1: Ball
1-1: Ball
2-1: Swinging Strike
2-2: Foul Ball, location: 2F
2-2: Ball
3-2: Ground out U3 (Groundball, 3L)
Batting: RHB Raleigh Delaney 0-0: Ground out 4-3 (Groundball, 34D)
Batting: RHB Juanito González 0-0: Ball
1-0: Swinging Strike
1-1: Fly out, F8 (Line Drive, 89D)
Top of the 4th over - 0 runs, 0 hits, 0 errors, 0 left on base; Hamilton 0 - Ellenburg 4
BOTTOM OF THE 4TH
Ellenburg Fighting Dachsunds batting - Pitching for Hamilton Coyotes : LHP Earl Brown
Batting: RHB Steve Koch 0-0: Swinging Strike
0-1: Foul Ball, location: 2F
0-2: Ball
1-2: Strikes out swinging
Batting: SHB Eugene Clutch 0-0: Foul Ball, location: 2F
0-1: Swinging Strike
0-2: Strikes out swinging
Batting: RHB Alan McLennan 0-0: Ball
1-0: Called Strike
1-1: Ball
2-1: Fly out, F3 (Popup, 3S)
Bottom of the 4th over - 0 runs, 0 hits, 0 errors, 0 left on base; Hamilton 0 - Ellenburg 4
TOP OF THE 5TH
Hamilton Coyotes batting - Pitching for Ellenburg Fighting Dachsunds : RHP Danny Bystrom
Batting: LHB Tommy Sullivan 0-0: Ball
1-0: Reached on error, E4 (Groundball, 4)
Batting: RHB Robert Hill 0-0: Called Strike
0-1: Called Strike
0-2: Ball
1-2: Ball
2-2: Strikes out looking
Batting: SHB Martín Marrero 0-0: Ball
1-0: Fly out, F8 (Flyball, 8LM)
Batting: RHB Jesús Soto 0-0: Ball
1-0: Called Strike
1-1: Ground out 1-3 (Groundball, P)
Top of the 5th over - 0 runs, 0 hits, 1 error, 1 left on base; Hamilton 0 - Ellenburg 4
BOTTOM OF THE 5TH
Ellenburg Fighting Dachsunds batting - Pitching for Hamilton Coyotes : LHP Earl Brown
Batting: LHB Tural Bishara 0-0: Ball
1-0: Called Strike
1-1: Foul Ball, location: 2F
1-2: Ball
2-2: Strikes out swinging
Batting: RHB José Vázquez 0-0: Swinging Strike
0-1: Foul Ball, location: 2F
0-2: Ball
1-2: Fly out, F4 (Popup, 13S)
Batting: LHB Vicente Castaneda 0-0: Ball
1-0: SINGLE (Groundball, 3) (infield hit)
Batting: RHB Gonzalo Sánchez 0-0: Ball
1-0: Swinging Strike
1-1: Foul Ball, location: 2F
1-2: Strikes out looking
Bottom of the 5th over - 0 runs, 1 hit, 0 errors, 1 left on base; Hamilton 0 - Ellenburg 4
TOP OF THE 6TH
Hamilton Coyotes batting - Pitching for Ellenburg Fighting Dachsunds : RHP Danny Bystrom
Batting: RHB Rodrigo Pagán 0-0: Ball
1-0: Ball
2-0: Called Strike
2-1: Called Strike
2-2: Ball
3-2: Base on Balls
Batting: RHB Henry Mann 0-0: Ball
1-0: Ball
2-0: Ball
3-0: Called Strike
3-1: Base on Balls
Rodrigo Pagán to second
Batting: RHB Warren Martin 0-0: Ball
1-0: Bunted foul
1-1: Bunt - Flyout! F1
Batting: RHB Raleigh Delaney 0-0: Called Strike
0-1: Ball
1-1: Fly out, F6 (Line Drive, 6M)
Batting: RHB Juanito González 0-0: Ball
1-0: SINGLE (Groundball, 5D)
Rodrigo Pagán to third
Henry Mann to second
Runner from 3rd tries for Home, SAFE, no throw
Batting: LHB Tommy Sullivan 0-0: Foul Ball, location: 2F
0-1: Ball
1-1: Foul Ball, location: 2F
1-2: Fly out, F7 (Flyball, 7LS)
Top of the 6th over - 1 run, 1 hit, 0 errors, 2 left on base; Hamilton 1 - Ellenburg 4
BOTTOM OF THE 6TH
Ellenburg Fighting Dachsunds batting - Pitching for Hamilton Coyotes : LHP Earl Brown
Batting: RHB Meka Knight 0-0: Fly out, F7 (Flyball, 78S)
Batting: RHB Ron Johnston 0-0: SINGLE (Groundball, 3D)
Batting: RHB Steve Koch 0-0: Hit by Pitch
Ron Johnston to second
Batting: SHB Eugene Clutch 0-0: Ball
1-0: Called Strike
1-1: Ball
2-1: Foul Ball, location: 2F
2-2: DOUBLE (Flyball, 8LXD)
Ron Johnston scores
Steve Koch to third
Batting: RHB Alan McLennan 0-0: Fly out, F8 (Flyball, 8LM)
Runner from 3rd tags up, SCORES, throw made
Pitching: LHP Reynaldo Sánchez
Batting: LHB Tural Bishara 0-0: Ball
1-0: Foul Ball, location: 2F
1-1: Called Strike
1-2: Ball
2-2: Ground out U3 (Groundball, 3)
Bottom of the 6th over - 2 runs, 2 hits, 0 errors, 1 left on base; Hamilton 1 - Ellenburg 6
TOP OF THE 7TH
Hamilton Coyotes batting - Pitching for Ellenburg Fighting Dachsunds : RHP Danny Bystrom
Batting: RHB Robert Hill 0-0: Ball
1-0: Ball
2-0: Called Strike
2-1: Swinging Strike
2-2: Strikes out swinging
Batting: SHB Martín Marrero 0-0: Ball
1-0: Foul Ball, location: 2F
1-1: Foul Ball, location: 2F
1-2: Strikes out swinging
Batting: RHB Jesús Soto 0-0: Called Strike
0-1: Called Strike
0-2: Ball
1-2: Strikes out swinging
Top of the 7th over - 0 runs, 0 hits, 0 errors, 0 left on base; Hamilton 1 - Ellenburg 6
BOTTOM OF THE 7TH
Ellenburg Fighting Dachsunds batting - Pitching for Hamilton Coyotes : LHP Reynaldo Sánchez
Batting: RHB José Vázquez 0-0: Foul Ball, location: 2F
0-1: Fly out, F8 (Flyball, 8LD)
Batting: LHB Vicente Castaneda 0-0: Foul Ball, location: 2F
0-1: Swinging Strike
0-2: Ball
1-2: Ball
2-2: Fly out, F7 (Line Drive, 7)
Batting: RHB Gonzalo Sánchez 0-0: Ball
1-0: Fly out, F7 (Line Drive, 7)
Bottom of the 7th over - 0 runs, 0 hits, 0 errors, 0 left on base; Hamilton 1 - Ellenburg 6
TOP OF THE 8TH
Hamilton Coyotes batting - Pitching for Ellenburg Fighting Dachsunds : RHP Danny Bystrom
Now at 1B: Ted Tullo
Now at 3B: Isaac Downey
Batting: RHB Rodrigo Pagán 0-0: Ground out 4-3 (Groundball, 4MS)
Batting: RHB Henry Mann 0-0: Ball
1-0: Called Strike
1-1: Ball
2-1: Ball
3-1: Foul Ball, location: 2F
3-2: Foul Ball, location: 2F
3-2: Strikes out swinging
Batting: RHB Warren Martin 0-0: Called Strike
0-1: Foul Ball, location: 2F
0-2: Ground out 6-3 (Groundball, 6S)
Top of the 8th over - 0 runs, 0 hits, 0 errors, 0 left on base; Hamilton 1 - Ellenburg 6
BOTTOM OF THE 8TH
Ellenburg Fighting Dachsunds batting - Pitching for Hamilton Coyotes : LHP Reynaldo Sánchez
Batting: RHB Meka Knight 0-0: Ground out 6-3 (Groundball, 6)
Batting: RHB Ron Johnston 0-0: Ball
1-0: Foul Ball, location: 2F
1-1: Ball
2-1: Called Strike
2-2: Strikes out swinging
Batting: RHB Steve Koch 0-0: Ball
1-0: Ball
2-0: Fly out, F9 (Flyball, 9LSF)
Bottom of the 8th over - 0 runs, 0 hits, 0 errors, 0 left on base; Hamilton 1 - Ellenburg 6
TOP OF THE 9TH
Hamilton Coyotes batting - Pitching for Ellenburg Fighting Dachsunds : RHP Danny Bystrom
Batting: RHB Raleigh Delaney 0-0: Swinging Strike
0-1: Ground out 3-1 (Groundball, 23)
Batting: RHB Juanito González 0-0: Ball
1-0: Ball
2-0: Called Strike
2-1: Foul Ball, location: 2F
2-2: Ground out 6-3 (Groundball, 56)
Batting: LHB Tommy Sullivan 0-0: Called Strike
0-1: Ball
1-1: Swinging Strike
1-2: Ball
2-2: DOUBLE (Flyball, 89D)
Pitching: RHP Severiano Duclos
Batting: RHB Robert Hill 0-0: Ball
1-0: Swinging Strike
1-1: Ball
2-1: Ball
3-1: Foul Ball, location: 2F
3-2: Strikes out looking
Top of the 9th over - 0 runs, 1 hit, 0 errors, 1 left on base; Hamilton 1 - Ellenburg 6
Tuesday, December 19th, 2017 - OOTP Baseball 18.8 Build 76